 Dungeon Crawl Stone Soup version 0.18-a0-1692-g516f9e9 (webtiles) character file.

126 4thArraOfDagon the Slasher (level 4, 0/33 HPs)
             Began as a Mummy Warper on Apr 5, 2016.
             Slain by a giant gecko (1 damage)
             ... on level 3 of the Dungeon.
             The game lasted 00:04:12 (1840 turns).

4thArraOfDagon the Slasher (Mummy Warper)           Turns: 1840, Time: 00:04:13

Health: 0/33       AC:  9    Str: 14    XL:     4   Next: 84%
Magic:  7/7        EV:  6    Int: 13    God:
Gold:   125        SH:  0    Dex: 11    Spells: 2 memorised, 4 levels left

rFire  x . .     SeeInvis .     i - +1 dagger (freeze)
rCold  + . .     Gourm    .     f - +0 chain mail
rNeg   + + +     Faith    .     (no shield)
rPois  ∞         Spirit   .     (no helmet)
rElec  .         Dismiss  .     (no cloak)
rCorr  .         Reflect  .     m - +0 pair of gloves
SustAt .         Harm     +     (no boots)
MR     .....                    o - amulet of harm
Stlth  ..........               (no ring)
                                (no ring)

@: not resistant to hostile enchantments, extremely unstealthy
A: no food or potions, fire vulnerability, cold resistance 1, negative energy
resistance 3, torment resistance, unbreathing
a: no special abilities


You were on level 3 of the Dungeon.
You were not hungry.

You visited 1 branch of the dungeon, and saw 4 of its levels.

You collected 125 gold pieces.

Inventory:

Hand Weapons
 a - a +0 falchion
 b - a +0 blowgun
 i - a +1 dagger of freezing (weapon)
Missiles
 e - 4 tomahawks of dispersal (quivered)
 n - 9 poisoned needles
Armour
 f - a +0 chain mail (worn)
 m - a +0 pair of gloves (worn)
Jewellery
 o - an amulet of harm (around neck)
Scrolls
 d - a scroll of blinking
 g - a scroll of amnesia {unknown}
 h - 2 scrolls of enchant armour {unknown}
 j - 2 scrolls of identify {unknown}
 k - 2 scrolls of remove curse {unknown}
 l - a scroll of teleportation {unknown}
Books
 c - a book of Spatial Translocations

   Spells                             Type                      Level
   a - Apportation                    Translocation                1
   b - Blink                          Translocation                2
   c - Shroud of Golubria             Charms/Translocation         2
   d - Portal Projectile              Translocation                3
   e - Teleport Other                 Translocation                3
   f - Passage of Golubria            Translocation                4


   Skills:
 - Level 2.0 Fighting
 * Level 3.2 Long Blades
 - Level 0.7 Throwing
 + Level 1.7 Armour
 + Level 2.5 Dodging
 - Level 2.0 Spellcasting
 - Level 2.4 Translocations


You had 4 spell levels left.
You knew the following spells:

 Your Spells              Type           Power        Failure   Level  Hunger
a - Apportation           Tloc           #.........   100%        1    N/A
b - Blink                 Tloc           N/A          100%        2    N/A

Dungeon Overview and Level Annotations

Branches:
Dungeon (4/15)
 Temple: D:4-7

Altars:
Pakellas
Trog
Zin

Annotations:
D:4 Menkaure


Innate Abilities, Weirdness & Mutations

You do not eat or drink.
Your flesh is vulnerable to fire.
You are immune to poison.
Your flesh is cold resistant.
You are immune to negative energy.
You are immune to unholy pain and torment.
You can survive without breathing.


Message History

The giant gecko is almost dead.
The giant gecko bites you but does no damage.
You closely miss the giant gecko.
The giant gecko is almost dead.
The giant gecko bites you.
* * * LOW HITPOINT WARNING * * *
The giant gecko bites you but does no damage.
You climb upwards.
There is a stone staircase leading down here.
Unknown command.
Unknown command.
Your chain mail prevents you from hitting the giant gecko.
The giant gecko is almost dead.
The giant gecko bites you but does no damage.
You closely miss the giant gecko.
The giant gecko is almost dead.
The giant gecko bites you.
* * * LOW HITPOINT WARNING * * *
The giant gecko bites you.
You die...

.## #.####...#.....# ##...#####
..## #..###..####.#.# #..#.....##
...####.#...## #...# #.######...
(...###...### ##..###.### ####
.#....#..## #####........## #
)#.##.#..# #.....#.......#
.#..#....## ###..##.....#.#
.##..###..## ##8..8#.....#.###
####.......###..@...######...####
# #..####......l...# ###..... #
#..# ##...#8..8## ###### #
#..######..##..############### #
#.........#..##..##..[)....... #
#.#######.##........##########
####.# ##......##.### .....#
###...###.....#####
#########...### #####.....#


You could see a giant gecko.

Vanquished Creatures
  A worker ant (D:4)
  3 adders
  2 worms
  3 dart slugs
  3 giant geckos
  2 orcs
  A ball python (D:3)
  6 giant cockroaches
  7 goblins
  4 hobgoblins
  4 jackals (D:3)
  9 bats
  A giant newt (D:2)
  7 kobolds
  3 rats
56 creatures vanquished.

Notes
Turn   | Place    | Note
--------------------------------------------------------------
     0 | D:1      | 4thArraOfDagon the Mummy Warper began the quest for the Orb.
     0 | D:1      | Reached XP level 1. HP: 16/16 MP: 3/3
   133 | D:1      | Reached skill level 1 in Armour
   168 | D:1      | Reached XP level 2. HP: 10/22 MP: 5/5
   171 | D:1      | Reached skill level 2 in Long Blades
   531 | D:2      | Found a glowing silver altar of Zin.
   563 | D:2      | Reached XP level 3. HP: 27/27 MP: 6/6
   784 | D:2      | Learned a level 2 spell: Blink
  1196 | D:3      | Reached XP level 4. HP: 33/33 MP: 7/7
  1636 | D:4      | Noticed Menkaure
  1678 | D:4      | Found a bloodstained altar of Trog.
  1679 | D:4      | Found an oddly glowing altar of Pakellas.
  1688 | D:4      | Reached skill level 3 in Long Blades
  1802 | D:4      | Noticed a slave
  1840 | D:3      | HP: 1/33 [giant gecko (1)]
  1840 | D:3      | Slain by a giant gecko

Vault maps used:
D:1:      tarquinn_simple_flora_water_a
D:2:      zin_treasury, first_bread
D:3:      st_stairs_6, serial_bayou_lagoon_a, minmay_misc_feat_pillars
D:4:      gammafunk_temple_overflow_pools, nicolae_dithmenos_the_darkroom,
          serial_glass, glass_columns_a, glass_columns_a, glass_columns_b,
          glass_columns_a, glass_columns_b, glass_columns_a, glass_columns_a,
          glass_columns_b, glass_columns_a, glass_columns_c, uniq_natasha,
          uniq_menkaure, uniq_pikel

Skill      XL: |  1  2  3  4 |
---------------+-------------+-----
Armour         | 1 |  1.7
Long Blades    | 2 3 |  3.2
Dodging        | 2 |  2.5
Fighting       | |  2.0
Throwing       | |  0.7
Spellcasting   | |  2.0
Translocations | |  2.4

Action                   |  1- 3 |  4- 6 || total
-------------------------+-------+-------++-------
Melee: Falchion          |    49 |       ||    49
       Dagger            |   109 |    95 ||   204
Throw: Tomahawk          |       |     1 ||     1
